 Dungeon Crawl Stone Soup version 0.26-a0-579-g3afe4966bf (webtiles) character file.

Game seed: 3020881735219202534

8747 MrRokkomies the Zephyrmancer (level 11, -2/68 HPs)
             Began as a Tengu Air Elementalist on Aug 23, 2020.
             Was a Believer of Vehumet.
             Slain by a bullfrog (3 damage)
             ... while petrified by a basilisk
             ... on level 2 of the Lair of Beasts.
             The game lasted 00:35:04 (11193 turns).

MrRokkomies the Zephyrmancer (TeAE)                Turns: 11193, Time: 00:35:04

Health: -2/68      AC:  9    Str:  9    XL:     11   Next: 35%
Magic:  14/21      EV:  2    Int: 19    God:    Vehumet [**....]
Gold:   613        SH:  0    Dex: 14    Spells: 2/22 levels left

rFire    . . .     SeeInvis .   a - +2 short sword (venom)
rCold    . . .     Faith    .   (no shield)
rNeg     + + +     Spirit   .   j - +1 robe
rPois    ∞         Reflect  .   (helmet restricted)
rElec    .         Harm     .   l - scarf {+Inv}
rCorr    .                      w - +1 pair of gloves
MR       .....                  (boots unavailable)
Stlth    ++........             m - amulet of regeneration
HPRegen  0.61/turn              n - ring of poison resistance
MPRegen  0.17/turn              G - +4 ring of protection

@: petrified, flying quickly and evasively, very slightly contaminated, quick
A: beak, talons 3, able to fly
a: Stop Flying, Renounce Religion, Evoke Invisibility


You were on level 2 of the Lair of Beasts.
You worshipped Vehumet.
Vehumet was pleased with you.
You visited 3 branches of the dungeon, and saw 12 of its levels.

You collected 613 gold pieces.

Inventory:

Hand Weapons
 a - a +2 short sword of venom (weapon)
 s - a +1 spectral quarterstaff
 D - the +0 shortbow "Karojo Pusuc" {freeze, MP+9 Str+9}
   (You found it on level 6 of the Dungeon)

   It causes projectiles fired from it to freeze those they strike, causing
   extra injury to most foes and up to half again as much damage against
   particularly susceptible opponents.
   They can also slow down cold-blooded creatures.
   It affects your strength (+9).
   It affects your magic capacity (+9).
Missiles
 d - 47 poisoned darts (quivered)
 y - 2 throwing nets
Armour
 j - a +1 robe (worn)
 l - a scarf of invisibility (worn)
 w - a +1 pair of gloves (worn)
Jewellery
 g - an uncursed amulet of faith
 m - an amulet of regeneration (around neck)
 n - a ring of poison resistance (left hand)
 t - a +6 ring of intelligence
 v - an uncursed ring of wizardry
 G - a +4 ring of protection (right hand)
Wands
 C - a wand of paralysis (1)
Scrolls
 b - 6 scrolls of amnesia
 e - 2 scrolls of enchant armour
 q - 2 scrolls of teleportation
 x - 6 scrolls of magic mapping
 A - 3 scrolls of remove curse
 F - a scroll of fog
Potions
 c - 4 potions of mutation
 f - a potion of might
 h - 3 potions of stabbing
 i - 2 potions of magic
 k - 5 potions of curing
 o - 5 potions of haste
 p - 2 potions of brilliance
 r - 3 potions of lignification
 u - a potion of cancellation
 z - 2 potions of berserk rage
 B - 2 potions of flight {unknown}
 E - a potion of heal wounds


   Skills:
 * Level 7.9 Fighting
 - Level 8.0 Dodging
 - Level 2.0 Stealth
 + Level 6.1 Spellcasting
 - Level 7.0 Conjurations
 - Level 10.0 Air Magic
 * Level 4.8 Poison Magic
 + Level 6.9 Evocations


You had 2 spell levels left.
You knew the following spells:

 Your Spells              Type           Power        Failure   Level
a - Shock                 Conj/Air       ####         1%          1
b - Swiftness             Air            #####...     1%          2
c - Static Discharge      Conj/Air       #####...     1%          3
d - Airstrike             Air            #####.....   1%          4
e - Olgreb's Toxic Radia  Pois           ###.....     16%         4
f - Mephitic Cloud        Conj/Pois/Air  ####....     1%          3
g - Ignite Poison         Fire/Tmut/Pois ##......     17%         3

Your spell library contained the following spells:

 Spells                   Type           Power        Failure   Level
 Searing Ray              Conj           ####..       1%          2
 Poisonous Vapours        Pois/Air       ####..       1%          2
 Sting                    Tmut/Pois      ##..         4%          1
 Lightning Bolt           Conj/Air       #####.....   10%         5


Dungeon Overview and Level Annotations

Branches:
Dungeon (9/15)             Temple (1/1) D:7            Lair (2/6) D:8
  Swamp: Lair:2-4    Shoals: Lair:2-4     Snake: Lair:2-4    Spider: Lair:2-4
    Orc: D:9-12

Altars:
Ashenzari
Cheibriados
Dithmenos
Elyvilon
Fedhas
Gozag
Hepliaklqana
Kikubaaqudgha
Makhleb
Nemelex Xobeh
Okawaru
Qazlal
Ru
Sif Muna
Trog
Uskayaw
Vehumet
Wu Jian
Xom
Yredelemnul
Zin
The Shining One

Annotations:
D:6 2 transporters, ANON1729's ghost, novice HOFi


Innate Abilities, Weirdness & Mutations

You have a beak for a mouth.
You have claws for feet.
You can fly continuously.


Message History

The basilisk gazes at you. You resist with some effort. The bullfrog hits you.
* * * LOW HITPOINT WARNING * * *
The bullfrog hits you.
* * * LOW HITPOINT WARNING * * *
The basilisk bites you!
* * * LOW HITPOINT WARNING * * *
The bullfrog hits you.
* * * LOW HITPOINT WARNING * * *
The basilisk gazes at you. The bullfrog hits you!
* * * LOW HITPOINT WARNING * * *
The bullfrog hits you but does no damage.
The basilisk bites you.
* * * LOW HITPOINT WARNING * * *
The bullfrog hits you but does no damage.
The basilisk bites you.
* * * LOW HITPOINT WARNING * * *
The bullfrog hits you.
You die...

#......
###.......
.#........
#.........
#.........
#.........
##.........
#.†@F......
##..l......
#P...†....
###.>.....
#......
##.P.. #...
#..


You could see a basilisk (very poisoned) and a bullfrog (very poisoned).

Vanquished Creatures
  A hydra (Lair:1)
  3 cane toads
  Sigmund (D:4)
  2 hippogriffs
  A basilisk (Lair:1)
  16 yaks
  A water moccasin (Lair:1)
  3 orc warriors
  3 sky beasts (D:8)
  2 porcupines (Lair:1)
  An ice beast (D:8)
  An eye of draining (D:4)
  2 black bears (D:8)
  2 phantoms (D:7)
  5 ogres
  4 wolves (Lair:1)
  2 crocodiles
  A big kobold (D:7)
  Blork the orc (D:4)
  A gnoll sergeant (D:5)
  5 bullfrogs
  A scorpion (D:5)
  3 wights (D:8)
  A howler monkey (D:4)
  3 lava snakes (D:8)
  2 jellies
  A bullfrog zombie (D:8)
  A quasit (D:6)
  10 hounds
  2 centaur skeletons
  2 bullfrog skeletons
  2 orc priests
  8 orc wizards
  2 worker ants
  2 hound skeletons
  Robin (D:4)
  3 adders
  10 gnolls
  An adder zombie (D:7)
  3 adder skeletons
  3 worms (D:2)
  4 dart slugs
  12 leopard geckos
  18 orcs
  3 ball pythons
  7 bats
  2 giant cockroaches
  11 goblins
  12 hobgoblins
  4 jackals (D:2)
  10 kobolds
  A quokka (D:5)
  2 frilled lizards
  A quokka skeleton (D:5)
  9 rats
215 creatures vanquished.

Vanquished Creatures (others)
  An orc (D:4)
  17 fungi
  15 plants
33 creatures vanquished.

Grand Total: 248 creatures vanquished

Notes
Turn   | Place    | Note
-------+----------+-------------------------------------------
     0 | D:1      | MrRokkomies the Tengu Air Elementalist began the quest for
                  | the Orb.
     0 | D:1      | Reached XP level 1. HP: 10/10 MP: 4/4
   153 | D:1      | Reached XP level 2. HP: 16/16 MP: 4/6
   757 | D:1      | Reached XP level 3. HP: 20/20 MP: 7/7
   823 | D:1      | Learned a level 2 spell: Swiftness
   827 | D:1      | Learned a level 3 spell: Static Discharge
   855 | D:2      | Reached skill level 1 in Fighting
  1720 | D:2      | Reached skill level 5 in Air Magic
  1727 | D:2      | Reached XP level 4. HP: 12/25 MP: 8/8
  2598 | D:3      | Found a shattered altar of Ashenzari.
  2664 | D:3      | Reached skill level 1 in Evocations
  2664 | D:3      | Gained mutation: You can fly continuously. [Tengu growth]
  2664 | D:3      | Reached XP level 5. HP: 29/29 MP: 4/9
  2746 | D:3      | Found a hazy altar of Hepliaklqana.
  2865 | D:3      | Found a hide-covered altar of Uskayaw.
  3188 | D:4      | Noticed an ogre
  3206 | D:4      | Killed an ogre
  3212 | D:4      | Reached skill level 6 in Air Magic
  3212 | D:4      | Reached XP level 6. HP: 15/35 MP: 1/10
  3484 | D:4      | Noticed Blork the orc
  3515 | D:4      | Killed Blork the orc
  3539 | D:4      | Reached skill level 5 in Dodging
  3539 | D:4      | Reached XP level 7. HP: 31/40 MP: 7/11
  3866 | D:4      | Noticed Robin
  3873 | D:4      | Reached skill level 7 in Air Magic
  3881 | D:4      | Killed Robin
  4058 | D:4      | Noticed Sigmund
  4072 | D:4      | Killed Sigmund
  4253 | D:5      | Entered Level 5 of the Dungeon
  4273 | D:5      | Learned a level 4 spell: Airstrike
  4530 | D:5      | Found a glowing golden altar of the Shining One.
  4594 | D:5      | Reached XP level 8. HP: 31/46 MP: 12/12
  4692 | D:5      | Reached skill level 8 in Air Magic
  5163 | D:5      | Found a blossoming altar of Fedhas.
  5350 | D:5      | Found a shimmering altar of Xom.
  5510 | D:6      | Found a sparkling altar of Nemelex Xobeh.
  5653 | D:6      | Found a transporter.
  5657 | D:6      | Noticed ANON1729's ghost (novice HOFi)
  5834 | D:6      | Got an ichor-stained shortbow
  5837 | D:6      | Identified the cursed +0 shortbow "Karojo Pusuc" {freeze,
                  | MP+9 Str+9} (You found it on level 6 of the Dungeon)
  5924 | D:6      | Reached skill level 9 in Air Magic
  6039 | D:6      | Found a transporter.
  6305 | D:7      | Found a staircase to the Ecumenical Temple.
  6314 | Temple   | Entered the Ecumenical Temple
  6442 | Temple   | Became a worshipper of Vehumet
  6474 | D:7      | Reached XP level 9. HP: 51/52 MP: 0/13
  7380 | D:7      | Found a bloodstained altar of Trog.
  7384 | D:7      | Found an opulent altar of Gozag.
  7430 | D:7      | Found a shimmering blue altar of Sif Muna.
  7492 | D:8      | Reached skill level 10 in Air Magic
  7698 | D:8      | Reached skill level 5 in Fighting
  7999 | D:8      | Learned a level 4 spell: Olgreb's Toxic Radiance
  8095 | D:8      | Reached skill level 5 in Evocations
  8372 | D:8      | Reached * piety under Vehumet
  8372 | D:8      | Offered knowledge of Sandblast by Vehumet.
  8577 | D:8      | Reached XP level 10. HP: 59/59 MP: 7/16
  8700 | D:8      | Found a staircase to the Lair.
  8711 | D:8      | Reached skill level 5 in Conjurations
  8780 | D:8      | You are sucked into a shaft and drop 1 floor!
  9231 | Lair:1   | Entered Level 1 of the Lair of Beasts
  9231 | Lair:1   | Noticed a cane toad
  9275 | D:8      | Killed a cane toad
  9370 | Lair:1   | Reached skill level 5 in Spellcasting
  9573 | Lair:1   | Reached skill level 1 in Poison Magic
  9901 | Lair:1   | Noticed a cane toad
  9905 | Lair:1   | Killed a cane toad
 10016 | Lair:1   | Reached ** piety under Vehumet
 10016 | Lair:1   | Offered knowledge of Searing Ray by Vehumet.
 10124 | Lair:1   | Noticed a six-headed hydra
 10225 | Lair:1   | Killed a six-headed hydra
 10225 | Lair:1   | Reached XP level 11. HP: 67/67 MP: 13/20
 10459 | Lair:1   | Learned a level 3 spell: Mephitic Cloud
 10463 | Lair:1   | Learned a level 3 spell: Ignite Poison
 11192 | Lair:2   | HP: 3/68 [basilisk (2)]
 11193 | Lair:2   | HP: 1/68 [basilisk (3)]
 11193 | Lair:2   | Slain by a bullfrog

Illustrated notes

Levels and vault maps discovered:
D:1:      minmay_arrival_five_plusses, layout_rooms, minmay_misc_feat_ornament
D:2:      layout_rooms, glass_columns_a
D:3:      layout_basic, lemuel_doored_altar, cheibrodos_ashenzari_chains,
          nicolae_overflow_crystal_walls
D:4:      layout_loops_ring, uniq_sigmund, uniq_blork_the_orc, uniq_robin
D:5:      layout_loops_corners, fedhas_altar_3, overflow_temple_1_default,
          lemuel_coloured_pillars_altar
D:6:      layout_basic, nemelex_altar_shiori, gammafunk_ghost_stat_death
D:7:      layout_gridville, lemuel_blue_sif_altar, minitemple,
          minmay_temple_entry_arrows
D:8:      layout_gridville, grunt_lair_entry_orc_guard_hut, kennysheep_boxes
D:9:      layout_basic, ebering_ghost_inner_flame
Temple:   minmay_temple_bridge_abc
Lair:1:   beast_lair_carwin_large_3, layout_regular_city, serial_bayou_lagoon_a,
          st_stairs_7
Lair:2:   layout_concentric_octagons, basic_altar, kennysheep_abandoned_house

Skill      XL: |  1  2  3  4  5  6  7  8  9 10 11 |
---------------+----------------------------------+-----
Dodging        | 3 4 5 6 7 8 |  8.0
Fighting       | 1 2 3 4 5 7 |  7.9
Air Magic      | 5 6 7 9 10 | 10.0
Evocations     | 1 2 3 4 5 6 |  6.9
Conjurations   | 4 7 |  7.0
Spellcasting   | 3 5 6 |  6.1
Poison Magic   | 3 4 |  4.8
Stealth        | |  2.0

Action                   |  1- 3 |  4- 6 |  7- 9 | 10-12 || total
-------------------------+-------+-------+-------+-------++-------
Melee: Unarmed           |    18 |       |       |       ||    18
       Kick              |    19 |     8 |    86 |    48 ||   161
       Peck              |     8 |     6 |    44 |    32 ||    90
       Short sword       |    47 |    51 |   296 |   169 ||   563
Throw: Dart              |       |       |       |     1 ||     1
 Cast: Shock             |    30 |    28 |    12 |       ||    70
       Static Discharge  |       |     1 |       |    11 ||    12
       Airstrike         |       |       |    33 |    33 ||    66
       Olgreb's Toxic Ra |       |       |       |     7 ||     7
 Abil: Fly               |       |     1 |       |       ||     1
Evoke: Wand              |       |       |       |     5 ||     5
  Use: Potion            |     1 |       |       |     1 ||     2
       Scroll            |       |     9 |    11 |     2 ||    22
 Stab: Sleeping          |     5 |     4 |     2 |     2 ||    13
       Paralysed         |       |       |       |     8 ||     8
Armor: Robe              |     9 |     7 |    41 |    52 ||   109
       Skin              |       |       |       |    23 ||    23
Dodge: Dodged            |    46 |    40 |   295 |   231 ||   612

Table legend: (Time is in decaauts)
 A = Elapsed time spent in this place.
 B = Non-inter-level travel time spent in this place.
 C = Inter-level travel time spent in this place.
 D = Time resting spent in this place.
 E = Time spent auto-exploring this place.
 F = Levels seen in this place.
 G = Mean time per level.
                   A        B        C        D        E       F      G
               +--------+--------+--------+--------+--------+-----+--------+
         Total |  10744 |  10425 |    319 |   2191 |   6401 |  12 |  895.3 |
       Dungeon |   8845 |   8552 |    293 |   1619 |   5543 |   9 |  982.8 |
        Temple |    136 |    118 |     18 |      0 |    110 |   1 |  136.0 |
          Lair |   1762 |   1754 |      8 |    572 |    747 |   2 |  881.0 |
               +--------+--------+--------+--------+--------+-----+--------+

Top non-repeatable levels by time:
     D:8: 1843 daAuts
  Lair:1: 1739 daAuts
     D:2: 1406 daAuts
     D:5: 1250 daAuts
     D:3: 1027 daAuts
     D:7: 988 daAuts
     D:4: 888 daAuts
     D:1: 840 daAuts
     D:6: 588 daAuts
  Temple: 136 daAuts
  Lair:2: 22 daAuts
     D:9: 11 daAuts
